cohdb
Replays
Latest Replays
All Replays
Popular Replays
Top Player Replays
Match Explorer
How It Works
Community
CoH3 Stats
Reddit
Sign in to upload your games and track your stats! →
Sign in with Steam
Match 27989710
Unlisted
Match 27989710
Overview
Messages
Build Orders
End
Engineer Squad
Construct Barracks
Riflemen Squad
Riflemen Squad
Riflemen Squad
Selects Airborne Battlegroup
Selects Pathfinders
Selects Paratrooper Squad Paradrop
Infantry Support Center
Paratrooper Squad Paradrop
Construct Medical Station
Infantry Support Center
Grenade Package
M1918 Browning Automatic Rifles
Selects Anti-tank Gun Team Paradrop
Anti-tank Gun Team Paradrop
USA USA USA
^3
0
0
Comments
sign in to comment!
No comments posted yet!